BSA
PHILADELPHIA ATHLETICS @ IRVINE GANG GREEN
06/10/2028
 
TOP OF THE 1ST
Niagara Falls Frenzy batting - Pitching for Irvine Gang Green : LHP Millard Curtis
Pitching: LHP Millard Curtis
Batting: RHB Kel Pierce 0-0: Foul Ball, location: 2F
0-1: Foul Ball, location: 2F
0-2: Ball
1-2: Ground out 5-3 (Groundball, 56)
Batting: SHB Héctor Padilla 0-0: Ball
1-0: Ball
2-0: Foul Ball, location: 2F
2-1: Ground out 6-3 (Groundball, 6)
Batting: RHB Troy Lau 0-0: Called Strike
0-1: Ball
1-1: Foul Ball, location: 2F
1-2: Foul Ball, location: 2F
1-2: Ball
2-2: Ball
3-2: Base on Balls
Batting: RHB Jorge Cora 0-0: Swinging Strike
0-1: Ball
1-1: Foul Ball, location: 2F
1-2: Strikes out looking
Top of the 1st over - 0 run(s), 0 hit(s), 0 error(s), 1 left on base; Niagara Falls 0 - Irvine 0
BOTTOM OF THE 1ST
Irvine Gang Green batting - Pitching for Niagara Falls Frenzy : RHP Ed Jones
Pitching: RHP Ed Jones
Batting: RHB Tom Doherty 0-0: Ball
1-0: Ground out 6-3 (Groundball, 6)
Batting: RHB José Salazar 0-0: Ground out 6-3 (Groundball, 6)
Batting: LHB Jorge Martínez 0-0: Ball
1-0: Foul Ball, location: 2F
1-1: Ball
2-1: Ball
3-1: Called Strike
3-2: SINGLE (Line Drive, 78M)
Batting: LHB Víctor Quiñones 0-0: Called Strike
0-1: Called Strike
0-2: Ground out 4-3 (Groundball, 34)
Bottom of the 1st over - 0 run(s), 1 hit(s), 0 error(s), 1 left on base; Niagara Falls 0 - Irvine 0
TOP OF THE 2ND
Niagara Falls Frenzy batting - Pitching for Irvine Gang Green : LHP Millard Curtis
Batting: RHB Anastasio Villa 0-0: Ball
1-0: Ball
2-0: Called Strike
2-1: Fly out, F7 (Line Drive, 78M)
Batting: LHB Yasuhiko Onodera 0-0: Fly out, F7 (Flyball, 7LM)
Batting: LHB Jerry Johnston 0-0: Ground out 1-3 (Groundball, 13)
Top of the 2nd over - 0 run(s), 0 hit(s), 0 error(s), 0 left on base; Niagara Falls 0 - Irvine 0
BOTTOM OF THE 2ND
Irvine Gang Green batting - Pitching for Niagara Falls Frenzy : RHP Ed Jones
Batting: RHB Buck Jones 0-0: Ball
1-0: Ball
2-0: Ball
3-0: Foul Ball, location: 2F
3-1: Fly out, F8 (Flyball, 8RD)
Batting: RHB Eichiro Yamamoto 0-0: Called Strike
0-1: Ball
1-1: Foul Ball, location: 2F
1-2: Foul Ball, location: 2F
1-2: Ball
2-2: Fly out, F9 (Flyball, 9)
Batting: LHB Tom Baker 0-0: Ball
1-0: Foul Ball, location: 2F
1-1: Foul Ball, location: 2F
1-2: Ball
2-2: Ball
3-2: Strikes out swinging
Bottom of the 2nd over - 0 run(s), 0 hit(s), 0 error(s), 0 left on base; Niagara Falls 0 - Irvine 0
TOP OF THE 3RD
Niagara Falls Frenzy batting - Pitching for Irvine Gang Green : LHP Millard Curtis
Batting: RHB Luther Stoffels 0-0: Ball
1-0: Ball
2-0: Foul Ball, location: 2F
2-1: Swinging Strike
2-2: Ball
3-2: Ground out 6-3 (Groundball, 56)
Batting: RHB Tomás Estrada 0-0: Ball
1-0: Ball
2-0: Swinging Strike
2-1: Foul Ball, location: 2F
2-2: Fly out, F9 (Flyball, 9LS)
Batting: RHB Kel Pierce 0-0: Called Strike
0-1: Ball
1-1: SINGLE (Groundball, 3S) (infield hit)
Batting: SHB Héctor Padilla 0-0: Called Strike
0-1: Ball
1-1: Called Strike
1-2: Ball
2-2: Ball
3-2: Foul Ball, location: 2F
3-2: Foul Ball, location: 2F
3-2: SINGLE (Line Drive, 56)
Kel Pierce to second
Kel Pierce to third
Batting: RHB Troy Lau 0-0: Called Strike
0-1: Swinging Strike
0-2: Ball
1-2: Strikes out looking
Top of the 3rd over - 0 run(s), 2 hit(s), 0 error(s), 2 left on base; Niagara Falls 0 - Irvine 0
BOTTOM OF THE 3RD
Irvine Gang Green batting - Pitching for Niagara Falls Frenzy : RHP Ed Jones
Batting: RHB Ronnie Brown 0-0: Ball
1-0: Ground out 4-3 (Groundball, 4MS)
Batting: RHB Aaron Wilson 0-0: Called Strike
0-1: Called Strike
0-2: Ground out U3 (Groundball, 3S)
Batting: RHB Tom Doherty 0-0: Ground out 6-3 (Groundball, 6)
Bottom of the 3rd over - 0 run(s), 0 hit(s), 0 error(s), 0 left on base; Niagara Falls 0 - Irvine 0
TOP OF THE 4TH
Niagara Falls Frenzy batting - Pitching for Irvine Gang Green : LHP Millard Curtis
Batting: RHB Jorge Cora 0-0: Called Strike
0-1: Ball
1-1: Ball
2-1: Foul Ball, location: 2F
2-2: Ball
3-2: Strikes out swinging
Batting: RHB Anastasio Villa 0-0: Called Strike
0-1: Called Strike
0-2: Foul Ball, location: 2F
0-2: Ball
1-2: Ball
2-2: Foul Ball, location: 2F
2-2: Foul Ball, location: 2F
2-2: Ground out 5-3 (Groundball, 5)
Batting: LHB Yasuhiko Onodera 0-0: Ball
1-0: Ground out 6-3 (Groundball, 6S)
Top of the 4th over - 0 run(s), 0 hit(s), 0 error(s), 0 left on base; Niagara Falls 0 - Irvine 0
BOTTOM OF THE 4TH
Irvine Gang Green batting - Pitching for Niagara Falls Frenzy : RHP Ed Jones
Batting: RHB José Salazar 0-0: Swinging Strike
0-1: Swinging Strike
0-2: Ball
1-2: Ball
2-2: Foul Ball, location: 2F
2-2: Foul Ball, location: 2F
2-2: Foul Ball, location: 2F
2-2: Foul Ball, location: 2F
2-2: Ball
3-2: Ground out 6-3 (Groundball, 6)
Batting: LHB Jorge Martínez 0-0: Foul Ball, location: 2F
0-1: Ground out 5-3 (Groundball, 56)
Batting: LHB Víctor Quiñones 0-0: Called Strike
0-1: Called Strike
0-2: Ball
1-2: Foul Ball, location: 2F
1-2: Fly out, F4 (Line Drive, 4M)
Bottom of the 4th over - 0 run(s), 0 hit(s), 0 error(s), 0 left on base; Niagara Falls 0 - Irvine 0
TOP OF THE 5TH
Niagara Falls Frenzy batting - Pitching for Irvine Gang Green : LHP Millard Curtis
Batting: LHB Jerry Johnston 0-0: Ball
1-0: Called Strike
1-1: Foul Ball, location: 2F
1-2: Hit by Pitch
Batting: RHB Luther Stoffels 0-0: Ball
1-0: Ball
2-0: Ball
3-0: Called Strike
3-1: Base on Balls
Jerry Johnston to second
Batting: RHB Tomás Estrada 0-0: Ball
1-0: Hit by Pitch
Jerry Johnston to third
Luther Stoffels to second
Batting: RHB Kel Pierce 0-0: Ball
1-0: SINGLE (Groundball, 6MD)
Jerry Johnston scores
Luther Stoffels to third
Tomás Estrada to second
Runner from 3rd tries for Home, SAFE, throw made home
Tomás Estrada to third
Kel Pierce to second
Batting: SHB Héctor Padilla 0-0: Fly out, F8 (Line Drive, 8LM)
Runner from 3rd tags up, SCORES, no throw
Batting: RHB Troy Lau 0-0: Called Strike
0-1: Ball
1-1: Ball
2-1: Foul Ball, location: 2F
2-2: Strikes out swinging
Batting: RHB Jorge Cora 0-0: Ball
1-0: Foul Ball, location: 2F
1-1: Ball
2-1: Foul Ball, location: 2F
2-2: Strikes out swinging
Top of the 5th over - 3 run(s), 1 hit(s), 0 error(s), 1 left on base; Niagara Falls 3 - Irvine 0
BOTTOM OF THE 5TH
Irvine Gang Green batting - Pitching for Niagara Falls Frenzy : RHP Ed Jones
Batting: RHB Buck Jones 0-0: Foul Ball, location: 2F
0-1: Called Strike
0-2: Ball
1-2: Ground out 6-3 (Groundball, 6)
Batting: RHB Eichiro Yamamoto 0-0: Fly out, F9 (Flyball, 89M)
Batting: LHB Tom Baker 0-0: Ball
1-0: Foul Ball, location: 2F
1-1: Ball
2-1: SINGLE (Groundball, 6MD)
Batting: RHB Ronnie Brown 0-0: Called Strike
0-1: Ball
1-1: Ball
2-1: Fielders Choice at 2nd, 5-4 (Groundball, 56)
Bottom of the 5th over - 0 run(s), 1 hit(s), 0 error(s), 0 left on base; Niagara Falls 3 - Irvine 0
TOP OF THE 6TH
Niagara Falls Frenzy batting - Pitching for Irvine Gang Green : LHP Millard Curtis
Batting: RHB Anastasio Villa 0-0: Called Strike
0-1: Ball
1-1: SINGLE (Groundball, 6D)
Batting: LHB Yasuhiko Onodera 0-0: Ball
1-0: Called Strike
1-1: Ball
2-1: Swinging Strike
2-2: Strikes out swinging
Batting: LHB Jerry Johnston 0-0: Called Strike
0-1: Called Strike
0-2: Strikes out looking
Pitching: RHP Raúl Saltines
Batting: RHB Luther Stoffels 0-0: Fielders Choice at 2nd, 5-4 (Groundball, 5)
Top of the 6th over - 0 run(s), 1 hit(s), 0 error(s), 0 left on base; Niagara Falls 3 - Irvine 0
BOTTOM OF THE 6TH
Irvine Gang Green batting - Pitching for Niagara Falls Frenzy : RHP Ed Jones
Batting: RHB Aaron Wilson 0-0: Ball
1-0: Ground out 6-3 (Groundball, 6)
Batting: RHB Tom Doherty 0-0: Called Strike
0-1: Called Strike
0-2: Ball
1-2: Foul Ball, location: 2F
1-2: Foul Ball, location: 2F
1-2: Foul Ball, location: 2F
1-2: Strikes out looking
Batting: RHB José Salazar 0-0: Ball
1-0: Ground out 1-3 (Groundball, P)
Bottom of the 6th over - 0 run(s), 0 hit(s), 0 error(s), 0 left on base; Niagara Falls 3 - Irvine 0
TOP OF THE 7TH
Niagara Falls Frenzy batting - Pitching for Irvine Gang Green : RHP Raúl Saltines
Batting: RHB Tomás Estrada 0-0: Called Strike
0-1: Ball
1-1: Ball
2-1: Ball
3-1: Ground out 6-3 (Groundball, 6)
Batting: RHB Kel Pierce 0-0: SINGLE (Line Drive, 8LS)
Batting: SHB Héctor Padilla 0-0: Ground out 3-1 (Groundball, 34S)
Kel Pierce to second
Batting: RHB Troy Lau 0-0: Ground out 5-3 (Groundball, 56S)
Top of the 7th over - 0 run(s), 1 hit(s), 0 error(s), 1 left on base; Niagara Falls 3 - Irvine 0
BOTTOM OF THE 7TH
Irvine Gang Green batting - Pitching for Niagara Falls Frenzy : RHP Ed Jones
Batting: LHB Jorge Martínez 0-0: Ball
1-0: Foul Ball, location: 2F
1-1: Called Strike
1-2: Ball
2-2: Ground out U3 (Groundball, 3)
Batting: LHB Víctor Quiñones 0-0: Called Strike
0-1: Ball
1-1: Foul Ball, location: 2F
1-2: Strikes out swinging
Batting: RHB Buck Jones 0-0: Ball
1-0: Foul Ball, location: 2F
1-1: DOUBLE (Line Drive, 7LM)
Batting: RHB Eichiro Yamamoto 0-0: Called Strike
0-1: Foul Ball, location: 2F
0-2: Ball
1-2: Strikes out swinging
Bottom of the 7th over - 0 run(s), 1 hit(s), 0 error(s), 1 left on base; Niagara Falls 3 - Irvine 0
TOP OF THE 8TH
Niagara Falls Frenzy batting - Pitching for Irvine Gang Green : RHP Raúl Saltines
Batting: RHB Jorge Cora 0-0: Ball
1-0: Called Strike
1-1: Ball
2-1: Ball
3-1: Ground out 6-3 (Groundball, 6)
Batting: RHB Anastasio Villa 0-0: Ground out 4-3 (Groundball, 4M)
Batting: LHB Yasuhiko Onodera 0-0: Ball
1-0: Ball
2-0: Called Strike
2-1: Ball
3-1: Base on Balls
Batting: LHB Jerry Johnston 0-0: Ball
1-0: Foul Ball, location: 2F
1-1: Fly out, F9 (Flyball, 9)
Top of the 8th over - 0 run(s), 0 hit(s), 0 error(s), 1 left on base; Niagara Falls 3 - Irvine 0
BOTTOM OF THE 8TH
Irvine Gang Green batting - Pitching for Niagara Falls Frenzy : RHP Ed Jones
Batting: LHB Tom Baker 0-0: Foul Ball, location: 2F
0-1: Ball
1-1: Called Strike
1-2: Ball
2-2: Fly out, F4 (Popup, 4)
Batting: RHB Ronnie Brown 0-0: Ball
1-0: SINGLE (Line Drive, 6D)
Batting: RHB Aaron Wilson 0-0: Ball
1-0: Ball
2-0: Fly out, F9 (Line Drive, 9)
Batting: RHB Tom Doherty 0-0: Ball
1-0: Ball
2-0: Foul Ball, location: 2F
2-1: Fly out, F2 (Popup, 25)
Bottom of the 8th over - 0 run(s), 1 hit(s), 0 error(s), 1 left on base; Niagara Falls 3 - Irvine 0
TOP OF THE 9TH
Niagara Falls Frenzy batting - Pitching for Irvine Gang Green : RHP Raúl Saltines
Batting: RHB Luther Stoffels 0-0: Ball
1-0: Foul Ball, location: 2F
1-1: Foul Ball, location: 2F
1-2: Strikes out swinging
Batting: RHB Tomás Estrada 0-0: Foul Ball, location: 2F
0-1: Foul Ball, location: 2F
0-2: Ground out 5-3 (Groundball, 5)
Batting: RHB Kel Pierce 0-0: Called Strike
0-1: Swinging Strike
0-2: Ball
1-2: Ball
2-2: Ball
3-2: Strikes out swinging
Top of the 9th over - 0 run(s), 0 hit(s), 0 error(s), 0 left on base; Niagara Falls 3 - Irvine 0
BOTTOM OF THE 9TH
Irvine Gang Green batting - Pitching for Niagara Falls Frenzy : RHP Ed Jones
Pitching: RHP Esteban Juárez
Batting: RHB José Salazar 0-0: Called Strike
0-1: SINGLE (Groundball, 6D)
Batting: LHB Jorge Martínez 0-0: Called Strike
0-1: Ball
1-1: Foul Ball, location: 2F
1-2: Ball
2-2: Strikes out swinging
Batting: LHB Víctor Quiñones 0-0: Called Strike
0-1: Ball
Wild Pitch!
José Salazar to second
1-1: Foul Ball, location: 2F
1-2: Foul Ball, location: 2F
1-2: Foul Ball, location: 2F
1-2: Ball
2-2: Ball
3-2: Ground out 4-3 (Groundball, 4)
José Salazar to third
Batting: RHB Buck Jones 0-0: Called Strike
0-1: Ball
1-1: Ground out 5-3 (Groundball, 56S)
Bottom of the 9th over - 0 run(s), 1 hit(s), 0 error(s), 1 left on base; Niagara Falls 3 - Irvine 0
Tuesday, August 8th, 2017 - OOTP Baseball 17.12 Build 75